 Dungeon Crawl Stone Soup version 0.27-a0-1256-gced786f65e (webtiles) character file.

Game seed: 314035928161590523

4489 mordus the Grappler (level 10, -13/88 HPs)
             Began as a Troll Monk on June 10, 2021.
             Mangled by Grum
             ... wielding a -2 spear
              (18 damage)
             ... on level 1 of the Lair of Beasts.
             The game lasted 00:12:20 (5821 turns).

mordus the Grappler (Troll Monk)                    Turns: 5821, Time: 00:12:21

Health: -13/88     AC:  4    Str: 30    XL:     10   Next: 16%
Magic:  9/9        EV: 10    Int:  6    God:
Gold:   461        SH:  0    Dex: 12    Spells: 9/9 levels left

rFire    . . .     SeeInvis .     - Unarmed
rCold    . . .     Faith    .   (no shield)
rNeg     . . .     Spirit   .   a - +0 robe
rPois    +         Reflect  .   (helmet restricted)
rElec    +         Harm     .   (no cloak)
rCorr    .         Rampage  .   (gloves unavailable)
Will     .....                  (boots unavailable)
Stlth    ++........             (no amulet)
HPRegen  1.24/turn              u - ring of Houtzehe {rElec rPois Str+6}
MPRegen  0.11/turn              (no ring)

@: no status effects
A: large, unfitting armour, claws 3, regeneration 1, shaggy fur 1, tough skin 1
a: no special abilities


You were on level 1 of the Lair of Beasts.
You visited 2 branches of the dungeon, and saw 9 of its levels.

You collected 461 gold pieces.

Inventory:

Hand Weapons
 d - a +0 whip
 s - a +0 giant spiked club
 z - a +2 whip of flaming
 A - a +1 dire flail of protection
Missiles
 v - a throwing net (quivered)
Armour
 a - a +0 robe (worn)
Jewellery
 u - the ring of Houtzehe (left claw) {rElec rPois Str+6}
   (You found it on level 5 of the Dungeon)

   [ring of strength]

   It affects your strength (+6).
   It insulates you from electricity.
   It protects you from poison.
 w - a ring of protection from fire
Wands
 r - a wand of paralysis (11)
 y - a wand of charming (11)
 B - a wand of flame (19)
Scrolls
 b - 6 scrolls of identify {unknown}
 c - 2 scrolls of teleportation {unknown}
 e - 3 scrolls of fear {unknown}
 g - a scroll of magic mapping {unknown}
 h - 2 scrolls of amnesia {unknown}
 i - 3 scrolls of noise {unknown}
 l - a scroll of torment {unknown}
 m - 2 scrolls of enchant weapon {unknown}
 p - 2 scrolls of immolation {unknown}
 q - a scroll of acquirement {unknown}
 x - a scroll of summoning {unknown}
 C - a scroll of blinking {unknown}
Potions
 f - 2 potions of curing
 j - 3 potions of haste {unknown}
 k - 3 potions of attraction {unknown}
 n - 2 potions of heal wounds {unknown}
 o - 2 potions of degeneration {unknown}
 t - a potion of mutation {unknown}
 D - a potion of ambrosia {unknown}


   Skills:
 - Level 2.4 Fighting
 + Level 7.7 Maces & Flails
 - Level 2.4 Dodging
 - Level 1.0 Stealth
 * Level 12.3 Unarmed Combat


You had 9 spell levels left.
You didn't know any spells.
Your spell library contained the following spells:

 Spells                   Type           Power      Damage    Failure   Level
 Beastly Appendage        Tmut           0%         N/A       45%         1
 Magic Dart               Conj           0%         1d3       45%         1
 Blink                    Tloc           N/A        N/A       58%         2
 Call Imp                 Summ           0%         N/A       58%         2
 Slow                     Hex            0%         N/A       58%         2
 Wereblood                Tmut           0%         N/A       58%         2
 Conjure Flame            Conj/Fire      0%         6-21      83%         3
 Mephitic Cloud           Conj/Pois/Air  0%         N/A       83%         3
 Spider Form              Tmut/Pois      0%         N/A       83%         3
 Ice Form                 Ice/Tmut       0%         N/A       99%         4
 Bolt of Magma            Conj/Fire/Erth 0%         4d4       100%        5
 Iskenderun's Battlesphe  Conj           0%         2d6       100%        5
 Iron Shot                Conj/Erth      0%         9d1       100%        6
 Orb of Destruction       Conj           0%         N/A       100%        7
 Spellforged Servitor     Conj/Summ      0%         N/A       100%        7


Dungeon Overview and Level Annotations

Branches:
Dungeon (8/15)             Temple (0/1) D:7            Lair (1/6) D:8

Altars:
Cheibriados
Elyvilon
Hepliaklqana
Qazlal
The Shining One

Shops:
D:1 (

Annotations:
D:3 2 transporters, avis's ghost, amateur HOMo
D:6 2 runed translucent doors, pcat's ghost, novice OpCj
Lair:1 2 transporters, Grum; mdk's ghost, journeyman DECj


Innate Abilities, Weirdness & Mutations

You are too large for most types of armour.
You have claws for hands.
Your natural rate of healing is unusually fast.
You are covered in fur. (AC +1)
You have tough skin. (AC +1)


Message History

The wolf is moderately wounded.
The wolf bites you. The wolf closely misses you.
You claw the wolf!
The wolf is severely wounded.
The wolf bites you! The wolf bites you.
A wolf comes into view.
The wolf bites you.
You scratch the wolf. You claw the wolf.
You kill the wolf!
The wolf bites you. The wolf bites you!
You scratch the wolf but do no damage. The wolf bites you.
You mangle the wolf!!
You kill the wolf!
The wolf bites you but does no damage. The wolf bites you.
Grum hits you from afar with a -2 spear!!
* * * LOW HITPOINT WARNING * * *
You barely miss the wolf. The wolf bites you.
* * * LOW HITPOINT WARNING * * *
Grum growls, "I'll squash you like a puppy."
The wolf barely misses you.
You see here a +0 trident.
Grum snarls.
The wolf bites you!
* * * LOW HITPOINT WARNING * * *
The wolf barely misses you. Grum barely misses you.
The wolf closely misses you. The wolf closely misses you. The wolf misses you.
You miss the wolf. The wolf bites you!
* * * LOW HITPOINT WARNING * * *
Grum hits you from afar with a -2 spear!
* * * LOW HITPOINT WARNING * * *
Unknown command.
You claw the wolf!
The wolf is severely wounded.
The wolf barely misses you. x2
You closely miss the wolf.
The wolf is severely wounded.
Grum hits you from afar with a -2 spear!!
You die...

...## ..## ..# ### # ###
#.## ########## ###.#
#.#.##@..# ###...#
#..####h.# #.#..## #..#
#g.## .....## ###.P#
#...### ......###P...#
##..P.# .......###..##
#.....### #.......#..###
##.....#.#
.............###..###..#
# .###.............##
##)#.#


You could see Grum and a wolf.

Vanquished Creatures
  Harold (D:7)
  Pikel (D:7)
  Joseph (D:7)
  Prince Ribbit (D:8)
  A wraith (D:7)
  A wyvern (D:8)
  An ice beast (D:5)
  A water moccasin (Lair:1)
  An orc warrior (D:8)
  2 necrophages
  A black bear (D:2)
  2 ogres (D:5)
  2 centaurs
  3 wolves (Lair:1)
  A phantom (D:6)
  2 lemures (D:7)
  A kobold brigand (D:5)
  A bullfrog (D:7)
  4 scorpions
  A bullfrog zombie (D:5)
  2 hounds
  2 centaur skeletons
  10 orc priests
  A jelly (D:8)
  A bullfrog skeleton (D:5)
  2 iguanas
  Ijyb (D:5)
  A scorpion zombie (D:5)
  4 orc wizards
  A howler monkey zombie (D:5)
  9 adders
  A shadow imp (D:5)
  2 white imps
  An ufetubus (D:5)
  3 worms
  A dart slug (D:3)
  31 orcs
  5 bats
  9 endoplasms
  5 giant cockroaches
  5 goblins
  7 hobgoblins
  3 jackals (D:1)
  A quokka (D:1)
  10 ball pythons
  2 frilled lizards (D:2)
  12 kobolds
  7 rats
168 creatures vanquished.

Notes
Turn   | Place    | Note
-------+----------+-------------------------------------------
     0 | D:1      | mordus the Troll Monk began the quest for the Orb.
     0 | D:1      | Reached XP level 1. HP: 22/22 MP: 0/0
   153 | D:1      | Reached XP level 2. HP: 27/29 MP: 1/1
   217 | D:1      | Found Jecani's Weapon Boutique.
   268 | D:1      | Reached skill level 4 in Unarmed Combat
   451 | D:1      | Reached XP level 3. HP: 36/36 MP: 2/2
   479 | D:1      | Found a faded altar of an unknown god.
   636 | D:2      | Noticed a black bear
   644 | D:2      | Killed a black bear
   645 | D:2      | Reached skill level 1 in Maces & Flails
   645 | D:2      | Reached skill level 5 in Unarmed Combat
   645 | D:2      | Reached XP level 4. HP: 33/44 MP: 3/3
  1130 | D:2      | Reached XP level 5. HP: 50/50 MP: 4/4
  1463 | D:3      | Reached XP level 6. HP: 31/59 MP: 5/5
  1465 | D:3      | Reached skill level 6 in Unarmed Combat
  1515 | D:3      | Found a stormy altar of Qazlal.
  1575 | D:3      | Found a transporter.
  1575 | D:3      | Noticed avis's ghost (amateur HOMo)
  1581 | D:3      | Found a transporter.
  2436 | D:5      | Entered Level 5 of the Dungeon
  2487 | D:5      | Noticed Ijyb
  2492 | D:5      | Reached XP level 7. HP: 62/66 MP: 6/6
  2494 | D:5      | Reached skill level 7 in Unarmed Combat
  2501 | D:5      | Killed Ijyb
  2907 | D:5      | Identified the ring of Houtzehe {rElec rPois Str+6}
  3087 | D:5      | Reached skill level 8 in Unarmed Combat
  3312 | D:5      | Reached XP level 8. HP: 36/74 MP: 7/7
  3385 | D:6      | Found a large runed translucent door.
  3385 | D:6      | Found a large runed translucent door.
  3392 | D:6      | Noticed pcat's ghost (novice OpCj)
  3536 | D:6      | Reached skill level 5 in Maces & Flails
  3536 | D:6      | Reached skill level 9 in Unarmed Combat
  3822 | D:6      | Found a hazy altar of Hepliaklqana.
  3825 | D:6      | Found a white marble altar of Elyvilon.
  3828 | D:6      | Found a snail-covered altar of Cheibriados.
  3975 | D:7      | Found a staircase to the Ecumenical Temple.
  4118 | D:7      | Noticed Pikel
  4139 | D:7      | Killed Pikel
  4140 | D:7      | Reached skill level 10 in Unarmed Combat
  4140 | D:7      | Reached XP level 9. HP: 32/80 MP: 8/8
  4199 | D:7      | Noticed Harold
  4205 | D:7      | Noticed Joseph
  4223 | D:7      | Killed Harold
  4224 | D:7      | Reached skill level 11 in Unarmed Combat
  4229 | D:7      | Killed Joseph
  4393 | D:7      | Identified the +3 long sword "Sisoo" {freeze, rF+ rCorr
                  | Int+3 SInv}
  4423 | D:7      | HP: 4/80 [orc/+0 flail (6)]
  4763 | D:8      | Found a glowing golden altar of the Shining One.
  4907 | D:8      | Reached skill level 12 in Unarmed Combat
  4907 | D:8      | Reached XP level 10. HP: 80/88 MP: 9/9
  4940 | D:8      | Noticed Prince Ribbit
  5139 | D:8      | Found a staircase to the Lair.
  5177 | D:8      | Killed Prince Ribbit
  5251 | Lair:1   | Entered Level 1 of the Lair of Beasts
  5384 | Lair:1   | Noticed a cane toad
  5385 | Lair:1   | Found a transporter.
  5385 | Lair:1   | Noticed mdk's ghost (journeyman DECj)
  5491 | Lair:1   | Found a transporter.
  5802 | Lair:1   | Noticed Grum
  5819 | Lair:1   | HP: 3/88 [Grum/-2 spear (9)]
  5821 | Lair:1   | Mangled by Grum

Illustrated notes

Levels and vault maps discovered:
D:1:      minmay_arrival_four_loops, layout_loops_ring,
          hellmonk_ecumenical_altar_slurped_away, serial_shops, shop
D:2:      layout_basic, minmay_mini_jars
D:3:      layout_basic, nicolae_qazlal_scattered_showers,
          gammafunk_ghost_mausoleum
D:4:      layout_loops_ring, roderic_roman_lattice, minmay_misc_feat_nine_boxes
D:5:      layout_basic, uniq_ijyb
D:6:      layout_cave_pools, grunt_temple_overflow_diamond,
          ebering_ghost_disaster_area, minivault_23
D:7:      layout_basic, minmay_temple_entry_statues_pillars,
          serial_park_tiny_pond, uniq_joseph, uniq_pikel, uniq_harold
D:8:      layout_basic, lemuel_coloured_pillars_altar, lair_entry_dummy,
          uniq_prince_ribbit1
Lair:1:   layout_layer_cave, gammafunk_ghost_arena, uniq_grum

Skill      XL: |  1  2  3  4  5  6  7  8  9 |
---------------+----------------------------+-----
Unarmed Combat | 4 5 6 8 10 12 | 12.3
Maces & Flails | 1 2 3 4 6 7 |  7.7
Fighting       | |  2.4
Dodging        | |  2.4
Stealth        | |  1.0

Action                   |  1- 3 |  4- 6 |  7- 9 | 10-12 || total
-------------------------+-------+-------+-------+-------++-------
Melee: Unarmed           |    68 |   146 |   243 |    37 ||   494
       Punch             |       |     1 |    12 |     1 ||    14
  Use: Potion            |       |       |     2 |       ||     2
 Stab: Sleeping          |     3 |     4 |       |       ||     7
Armor: Robe              |    25 |    38 |    41 |     4 ||   108
       Skin              |       |       |    13 |       ||    13
Dodge: Dodged            |    39 |    79 |    82 |    18 ||   218

Table legend: (Time is in decaauts)
 A = Elapsed time spent in this place.
 B = Non-inter-level travel time spent in this place.
 C = Inter-level travel time spent in this place.
 D = Time resting spent in this place.
 E = Time spent auto-exploring this place.
 F = Levels seen in this place.
 G = Mean time per level.
                   A        B        C        D        E       F      G
               +--------+--------+--------+--------+--------+-----+--------+
         Total |   5760 |   5647 |    113 |    136 |   4491 |   9 |  640.0 |
       Dungeon |   5194 |   5081 |    113 |    136 |   3960 |   8 |  649.2 |
          Lair |    566 |    566 |      0 |      0 |    531 |   1 |  566.0 |
               +--------+--------+--------+--------+--------+-----+--------+

Top non-repeatable levels by time:
     D:5: 979 daAuts
     D:4: 720 daAuts
     D:8: 652 daAuts
     D:1: 623 daAuts
     D:7: 604 daAuts
     D:2: 599 daAuts
  Lair:1: 566 daAuts
     D:6: 541 daAuts
     D:3: 473 daAuts
